 Dungeon Crawl Stone Soup version 0.21-a0-85-ga0cb861 (webtiles) character file.

1876 nikopol the Thaumaturge (level 8, -2/43 HPs)
             Began as a Deep Elf Fire Elementalist on June 25, 2017.
             Was a Priest of Vehumet.
             Slain by an orc warrior
             ... wielding a +0 flail
              (8 damage)
             ... on level 6 of the Dungeon.
             The game lasted 00:35:48 (7705 turns).

nikopol the Thaumaturge (DEFE)                      Turns: 7705, Time: 00:35:48

Health: -2/43      AC:  6    Str:  5    XL:     8   Next: 91%
Magic:  15/23      EV: 14    Int: 23    God:    Vehumet [***...]
Gold:   381        SH:  0    Dex: 15    Spells: 13/26 levels left

rFire    . . .     SeeInvis .   A - +0 short sword (venom)
rCold    + . .     Gourm    .   (no shield)
rNeg     . . .     Faith    .   a - +0 robe
rPois    .         Spirit   .   s - +1 helmet
rElec    .         Reflect  .   I - +0 cloak
rCorr    .         Harm     .   (no gloves)
MR       .....     Rnd*Tele +   r - +0 pair of boots
Stlth    +++.......             (no amulet)
HPRegen  0.14/turn              q - ring of protection from cold
MPRegen  0.18/turn              k - ring of teleportation (curse)

@: no status effects
A: no striking features
a: Renounce Religion


You were on level 6 of the Dungeon.
You worshipped Vehumet.
Vehumet was most pleased with you.
You were not hungry.

You visited 1 branch of the dungeon, and saw 7 of its levels.
You also visited: Sewer.

You collected 419 gold pieces.
You spent 38 gold pieces at shops.

Inventory:

Hand Weapons
 m - a +1 dagger
 A - a +0 short sword of venom (weapon)
Armour
 a - a +0 robe (worn)
 r - a +0 pair of boots (worn)
 s - a +1 helmet (worn)
 I - a +0 cloak (worn)
Jewellery
 h - an uncursed ring of flight {unknown}
 j - an uncursed ring of protection from magic
 k - a cursed ring of teleportation (right hand)
 q - a ring of protection from cold (left hand)
 F - an uncursed ring of protection from cold
 G - an uncursed ring of fire {unknown}
Scrolls
 f - 10 scrolls of identify
 g - 3 scrolls of enchant armour {unknown}
 i - a scroll of enchant weapon
 n - a scroll of teleportation
 t - a scroll of vulnerability {unknown}
 v - 5 scrolls of remove curse {unknown}
 y - a scroll of blinking {unknown}
 B - a scroll of recharging
Potions
 d - 7 potions of curing {unknown}
 e - a potion of lignification {unknown}
 l - a potion of invisibility
 o - 3 potions of agility {unknown}
 p - 2 potions of brilliance {unknown}
 u - a potion of might {unknown}
 w - 4 potions of heal wounds
 C - 2 potions of haste {unknown}
 D - a potion of mutation {unknown}
 E - a potion of degeneration {unknown}
Books
 b - a book of Flames

   Spells                             Type                      Level
   a - Flame Tongue                   Conjuration/Fire             1
   b - Throw Flame                    Conjuration/Fire             2
   c - Conjure Flame                  Conjuration/Fire             3
   d - Inner Flame                    Hexes/Fire                   3
   e - Sticky Flame                   Conjuration/Fire             4
   f - Fireball                       Conjuration/Fire             5
Comestibles
 c - 2 bread rations
 x - 4 meat rations
 z - a fruit
 H - 2 chunks of flesh


   Skills:
 + Level 1.0 Fighting
 + Level 3.7 Dodging
 + Level 4.2 Stealth
 + Level 9.8 Spellcasting
 + Level 5.8 Conjurations
 + Level 7.6 Fire Magic


You had 13 spell levels left.
You knew the following spells:

 Your Spells              Type           Power        Failure   Level  Hunger
a - Flame Tongue          Conj/Fire      #####        1%          1    None
b - Throw Flame           Conj/Fire      #####.       1%          2    None
c - Conjure Flame         Conj/Fire      #####...     1%          3    None
d - Fireball              Conj/Fire      #####.....   2%          5    ####...
e - Searing Ray           Conj           #####.       1%          2    None


Dungeon Overview and Level Annotations

Branches:
Dungeon (7/15)
 Temple: D:4-7

Altars:
Gozag
Hepliaklqana
Kikubaaqudgha
Okawaru
Trog
Vehumet
Wu Jian
Yredelemnul

Shops:
D:4 ?


Message History

The flame tongue hits the orc warrior.
The orc warrior appears unharmed.
The orc warrior is heavily wounded.
The orc warrior hits you with a flail!
* * * LOW HITPOINT WARNING * * *
Casting: Flame Tongue
Confirm with . or Enter, or press ? or * to list all spells.
Aiming: Flame Tongue
Press: ? - help, Shift-Dir - straight line, f/p - orc warrior
Aim: an orc warrior, wielding a flail and wearing a glowing chain mail (heavily wounded)
The flame tongue hits the orc warrior.
The orc warrior is severely wounded.
Casting: Flame Tongue
Confirm with . or Enter, or press ? or * to list all spells.
Aiming: Flame Tongue
Press: ? - help, Shift-Dir - straight line, f/p - orc warrior
Aim: an orc warrior, wielding a flail and wearing a glowing chain mail (severely wounded)
The flame tongue hits the orc warrior.
The orc warrior is almost dead.
The orc warrior hits you with a flail!
You die...

##### #...## #.#..###### #
#@##......# # #o#######.# ###
###### #.# #.######..
#....########.#### #...##...#
#..............>.######.#..###
#.....#######.##........#.####
#####.).# #.###########.###.
###.#####.# #.#...
####.....#.# ##...##


You could see an orc warrior.

Vanquished Creatures
  A water moccasin (D:6)
  2 orc warriors (D:6)
  A sky beast (D:5)
  4 phantoms
  2 eyes of draining (D:6)
  An ogre (D:7)
  A centaur (D:7)
  A bullfrog (D:6)
  A crimson imp (D:6)
  A centaur zombie (D:5)
  2 hounds (D:5)
  A jelly (D:6)
  An iguana (D:6)
  Terence (D:2)
  2 orc wizards
  6 worker ants
  Robin (D:2)
  4 gnolls (D:7)
  8 river rats
  9 adders
  2 oozes (Sewer)
  A worm (D:2)
  A dart slug (D:4)
  2 leopard geckos (D:3)
  13 orcs
  5 bats
  4 giant cockroaches
  11 hobgoblins
  5 jackals
  7 ball pythons
  3 frilled lizards
  A giant cockroach zombie (D:5)
  12 goblins
  19 kobolds
  A leopard gecko skeleton (D:6)
  A leopard gecko zombie (D:5)
  25 rats
  2 fungi (D:3)
165 creatures vanquished.

Notes
Turn   | Place    | Note
-------+----------+-------------------------------------------
     0 | D:1      | nikopol the Deep Elf Fire Elementalist began the quest for the Orb.
     0 | D:1      | Reached XP level 1. HP: 10/10 MP: 6/6
   319 | D:1      | Reached XP level 2. HP: 15/15 MP: 5/8
   333 | D:1      | Learned a level 2 spell: Throw Flame
   766 | D:2      | Reached XP level 3. HP: 19/19 MP: 8/10
   771 | D:2      | Learned a level 3 spell: Conjure Flame
   929 | D:2      | Noticed Terence
   998 | D:2      | Killed Terence
   998 | D:2      | Reached skill level 4 in Spellcasting
  1082 | D:2      | Found an iron altar of Okawaru.
  1306 | D:2      | Reached XP level 4. HP: 24/24 MP: 10/12
  1328 | D:2      | Found an ornate altar of the Wu Jian Council.
  2258 | D:3      | Found a radiant altar of Vehumet.
  2276 | D:3      | Noticed Robin
  2592 | D:3      | Reached XP level 5. HP: 28/28 MP: 6/13
  2791 | D:2      | Killed Robin
  2947 | D:3      | Became a worshipper of Vehumet
  3050 | D:3      | Found an opulent altar of Gozag.
  3156 | D:4      | Reached skill level 5 in Fire Magic
  3163 | D:4      | Learned a level 5 spell: Fireball
  3231 | D:4      | Found a hazy altar of Hepliaklqana.
  3334 | D:4      | Reached skill level 5 in Spellcasting
  3429 | D:4      | Found Fikk's Magic Scroll Emporium.
  3437 | D:4      | Bought a scroll of magic mapping for 38 gold pieces
  3452 | D:4      | Found a glowing drain.
  3465 | Sewer    | Entered a sewer
  3488 | Sewer    | Reached XP level 6. HP: 8/32 MP: 0/15
  3673 | Sewer    | Reached * piety under Vehumet
  3673 | Sewer    | Offered knowledge of Sandblast by Vehumet.
  4518 | Sewer    | Offered knowledge of Searing Ray by Vehumet.
  4522 | Sewer    | Reached ** piety under Vehumet
  4857 | D:4      | You fall through a shaft!
  4857 | D:5      | Entered Level 5 of the Dungeon
  4879 | D:5      | Found a basalt altar of Yredelemnul.
  4889 | D:5      | Reached skill level 6 in Spellcasting
  5119 | D:5      | Reached XP level 7. HP: 33/36 MP: 11/18
  5235 | D:5      | Found an ancient bone altar of Kikubaaqudgha.
  5847 | D:5      | Reached skill level 7 in Spellcasting
  6267 | D:6      | Reached skill level 8 in Spellcasting
  6267 | D:6      | Reached XP level 8. HP: 42/42 MP: 4/22
  6751 | D:6      | Reached skill level 5 in Conjurations
  6941 | D:6      | Reached skill level 9 in Spellcasting
  7013 | D:6      | Found a bloodstained altar of Trog.
  7068 | D:6      | Reached skill level 1 in Fighting
  7073 | D:6      | Learned a level 2 spell: Searing Ray
  7161 | D:7      | Offered knowledge of Throw Frost by Vehumet.
  7659 | D:7      | Reached *** piety under Vehumet
  7705 | D:6      | Slain by an orc warrior

Vault maps used:
D:1:      nagdon_arrival_double_spiral, st_stairs_10, minivault_19
D:2:      lemuel_crystal_altar, lemuel_doored_altar, kennysheep_another_room,
          grunt_ministairs_15, uniq_terence
D:3:      lemuel_round_altar, vehumet_crystals, nicolae_ashenzari_panopticon,
          first_bread, serial_park_tiny_2, minmay_crystal_room,
          minmay_gold_behind_fungi, uniq_robin
D:4:      mumra_celtic_spiral_tile, lemuel_round_altar, serial_shops, shop,
          portal_sewer_entry_a
D:5:      lemuel_crystal_altar, yredelemnul_altar_generic
D:6:      trog_eyes_of_draining
D:7:      lemuel_round_altar, minmay_temple_entry_fiery
Sewer:    sewer_minmay_treatment

Skill      XL: |  1  2  3  4  5  6  7  8 |
---------------+-------------------------+-----
Fire Magic     | 4 5 6 7 |  7.6
Spellcasting   | 4 5 6 8 9 |  9.8
Conjurations   | 2 3 4 5 |  5.8
Dodging        | 3 |  3.7
Stealth        | 3 4 |  4.2
Fighting       | 1 |  1.0

Action                   |  1- 3 |  4- 6 |  7- 9 || total
-------------------------+-------+-------+-------++-------
Melee: Dagger            |       |    83 |       ||    83
       Short sword       |       |       |     3 ||     3
 Cast: Flame Tongue      |    54 |   205 |   108 ||   367
       Throw Flame       |     1 |    10 |    31 ||    42
       Conjure Flame     |     2 |     6 |     5 ||    13
       Fireball          |       |       |     2 ||     2
       Searing Ray       |       |       |     1 ||     1
  Use: Scroll            |       |     8 |       ||     8
       Potion            |       |     2 |       ||     2
  Eat: Chunk             |     1 |    12 |     8 ||    21
       Fruit             |       |       |     1 ||     1
Armor: Robe              |     1 |    12 |    12 ||    25
Dodge: Dodged            |    11 |    79 |    45 ||   135
